 Dungeon Crawl Stone Soup version 0.17-a0-1646-geb1493d (console) character file.

2277 Monkaria the Destroyer (level 9, -8/45 HPs)
             Began as a Deep Elf Conjurer on Aug 10, 2015.
             Was a Follower of Vehumet.
             Mangled by a mummy (15 damage)
             ... in an ossuary.
             The game lasted 00:16:46 (7606 turns).

Monkaria the Destroyer (Deep Elf Conjurer)          Turns: 7606, Time: 00:16:46

Health: -8/45      AC:  9    Str:  5    XL:     9   Next: 16%
Magic:  2/23       EV: 12    Int: 24    God:    Vehumet [*.....]
Gold:   444        SH:  0    Dex: 15    Spells: 4 memorised, 13 levels left

rFire  + . .     SeeInvis .     (no weapon)
rCold  . . .     Clarity  .     y - +3 leather armour {rF+}
rNeg   . . .     SustAt   .     (no shield)
rPois  +         Gourm    .     (no helmet)
rElec  .         Spirit   .     r - +1 cloak
rCorr  .         Warding  .     p - +0 pair of gloves
rMut   .         Stasis   .     (no boots)
MR     .....                    (no amulet)
Stlth  ++........               (no ring)
                                i - ring of poison resistance

@: not resistant to hostile enchantments, unstealthy
A: no striking features
a: Renounce Religion


You were in an ossuary.
You worshipped Vehumet.
Vehumet was aware of your devotion.
You were hungry.

You visited 2 branches of the dungeon, and saw 7 of its levels.
You also visited: Ossuary.

You collected 444 gold pieces.

Inventory:

Hand weapons
 n - a +4 halberd of flaming
Missiles
 D - 19 poisoned needles
Armour
 p - a +0 pair of gloves (worn)
 r - a +1 cloak (worn)
 y - a +3 leather armour of fire resistance (worn)
Jewellery
 i - a ring of poison resistance (left hand)
 w - an uncursed ring of flight {unknown}
Magical devices
 E - a wand of random effects (46)
Scrolls
 f - 2 scrolls of blinking
 h - 2 scrolls of immolation {unknown}
 l - a scroll of teleportation
 m - a scroll of enchant armour {unknown}
 o - a scroll of identify
 A - a scroll of enchant weapon {unknown}
Potions
 a - 3 potions of heal wounds
 d - 2 potions of might
 e - a potion of brilliance
 k - a potion of resistance
 q - a potion of ambrosia
 s - 4 potions of lignification
 v - a potion of berserk rage
 x - 3 potions of curing {unknown}
 z - a potion of poison {unknown}
 C - a potion of invisibility {unknown}
 F - a potion of agility {unknown}
Books
 b - a book of Conjurations

   Spells                             Type                      Level
   a - Magic Dart                     Conjuration                  1
   b - Searing Ray                    Conjuration                  2
   c - Dazzling Spray                 Conjuration/Hexes            3
   d - Fulminant Prism                Conjuration/Hexes            4
   e - Iskenderun's Mystic Blast      Conjuration                  4
   f - Iskenderun's Battlesphere      Conjuration/Charms           5
Comestibles
 c - 9 bread rations
 g - 2 meat rations
 j - 4 slices of pizza
 u - a beef jerky


   Skills:
 - Level 2.4 Dodging
 - Level 2.4 Stealth
 - Level 8.5 Spellcasting
 + Level 12.1 Conjurations


You had 13 spell levels left.
You knew the following spells:

 Your Spells              Type           Power        Failure   Level  Hunger
a - Magic Dart            Conj           ####         1%          1    None
b - Searing Ray           Conj           ######       1%          2    None
c - Iskenderun's Mystic   Conj           ######..     1%          4    ##.....
d - Iskenderun's Battles  Conj/Chrm      #####...     24%         5    ####...


Dungeon Overview and Level Annotations

Branches:
Dungeon (6/15)             Temple (1/1) D:5

Altars:
Ashenzari
Elyvilon
Fedhas
Gozag
Kikubaaqudgha
Makhleb
Nemelex Xobeh
Okawaru
Qazlal
Ru
Sif Muna
Trog
Vehumet
Xom
Zin
The Shining One

Shops:
D:4 :


Message History

Press: ? - help, Shift-Dir - straight line, f - mummy
Aim: a mummy The searing ray hits the mummy.
You destroy the mummy!
Vehumet accepts your kill.
The searing ray hits the gnoll zombie.
The searing ray hits the gnoll zombie.
You destroy the gnoll zombie!
Vehumet accepts your kill.
The searing ray hits the mummy.
The mummy is severely damaged.
The searing ray misses the mummy.
There is an empty arch of ancient stone here.
The mummy hits you!
Really attack barehanded?
Okay, then.
The mummy hits you!
* * * LOW HITPOINT WARNING * * *
The mummy hits you!
You die...

##..M..........
#+##........#
##......#
##....## #.M..#
#....# #....#
#....# #.M@M#
#.MM.# #....#
#.∩∩.# ######


You could see 5 mummies.

Vanquished Creatures
  The ghost of runewalsh the Chiller, an average OpIE (Ossuary)
  Sigmund (D:3)
  Eustachio (D:4)
  An ice beast (D:6)
  A necrophage (D:6)
  2 ogres
  The ghost of Gargoyl the Chopper, an average DsBe of Trog (D:3)
  4 big kobolds
  2 giant frogs
  3 orc priests
  A centaur zombie (D:6)
  A gnoll shaman (D:5)
  3 orc wizards
  Crazy Yiuf (D:2)
  A giant frog skeleton (D:4)
  2 iguanas
  3 hounds
  2 jellies (D:5)
  4 worker ants
  A big kobold zombie (Ossuary)
  A hound skeleton (D:5)
  3 mummies (Ossuary)
  11 gnolls
  2 shadow imps (D:5)
  3 adders
  An ooze (D:2)
  An adder skeleton (D:6)
  2 adder zombies (D:6)
  6 worms
  2 giant geckos
  17 orcs
  2 ball pythons
  5 bats
  4 giant cockroaches
  3 gnoll zombies (Ossuary)
  21 hobgoblins
  12 jackals
  3 quokkas
  A ball python skeleton (D:3)
  A giant gecko zombie (D:5)
  5 giant newts
  30 goblins
  A hobgoblin zombie (Ossuary)
  A jackal zombie (D:5)
  8 kobolds
  A kobold zombie (Ossuary)
  2 orc zombies (Ossuary)
  7 rats
192 creatures vanquished.

Notes
Turn   | Place    | Note
--------------------------------------------------------------
     0 | D:1      | Monkaria the Deep Elf Conjurer began the quest for the Orb.
     0 | D:1      | Reached XP level 1. HP: 10/10 MP: 6/6
   384 | D:1      | Reached XP level 2. HP: 15/15 MP: 6/8
   537 | D:1      | Reached skill level 5 in Conjurations
  1083 | D:2      | Found an iron altar of Okawaru.
  1575 | D:2      | Reached XP level 3. HP: 19/19 MP: 6/9
  1579 | D:2      | Learned a level 2 spell: Searing Ray
  2393 | D:2      | Reached skill level 6 in Conjurations
  2502 | D:2      | Noticed Crazy Yiuf
  2508 | D:2      | Killed Crazy Yiuf
  2508 | D:2      | Reached XP level 4. HP: 24/24 MP: 5/10
  2565 | D:3      | Noticed an ogre
  2574 | D:3      | Killed an ogre
  2574 | D:3      | Reached skill level 7 in Conjurations
  2574 | D:3      | Reached XP level 5. HP: 28/28 MP: 5/11
  2723 | D:3      | Found a blossoming altar of Fedhas.
  2728 | D:3      | Found a stormy altar of Qazlal.
  2774 | D:3      | Noticed Gargoyl's ghost (average DsBe)
  2960 | D:3      | Killed Gargoyl's ghost
  2960 | D:3      | Reached skill level 8 in Conjurations
  3023 | D:3      | Reached XP level 6. HP: 14/32 MP: 8/12
  3224 | D:3      | Noticed Sigmund
  3236 | D:3      | Killed Sigmund
  3236 | D:3      | Reached skill level 5 in Spellcasting
  3510 | D:3      | Found a glowing golden altar of the Shining One.
  3764 | D:3      | Noticed a giant frog
  3769 | D:3      | Killed a giant frog
  3769 | D:3      | Reached XP level 7. HP: 34/36 MP: 13/18
  4005 | D:3      | Noticed a big kobold
  4005 | D:3      | Noticed a big kobold
  4035 | D:3      | Killed a big kobold
  4213 | D:3      | Noticed a big kobold
  4221 | D:3      | Killed a big kobold
  4248 | D:3      | Killed a big kobold
  4603 | D:3      | Learned a level 4 spell: Iskenderun's Mystic Blast
  4876 | D:3      | You fall through a shaft!
  4891 | D:6      | Learned a level 5 spell: Iskenderun's Battlesphere
  5251 | D:6      | Reached skill level 9 in Conjurations
  5251 | D:6      | Reached XP level 8. HP: 41/41 MP: 14/22
  5602 | D:6      | Reached skill level 10 in Conjurations
  5817 | D:5      | Entered Level 5 of the Dungeon
  6069 | D:5      | Found a shattered altar of Ashenzari.
  6304 | D:5      | Found a staircase to the Ecumenical Temple.
  6333 | Temple   | Entered the Ecumenical Temple
  6420 | Temple   | Became a worshipper of Vehumet
  6461 | D:5      | Found a glowing silver altar of Zin.
  6599 | D:5      | Found a shimmering altar of Xom.
  6599 | D:5      | Noticed an angel
  6634 | D:5      | Found an opulent altar of Gozag.
  6938 | D:5      | Found a sacrificial altar of Ru.
  6938 | D:5      | Found a sparkling altar of Nemelex Xobeh.
  7007 | D:4      | Reached skill level 11 in Conjurations
  7167 | D:4      | Found Zigruq's Book Shop.
  7225 | D:4      | Noticed Eustachio
  7238 | D:4      | Killed Eustachio
  7262 | D:4      | You fall through a shaft for 2 floors!
  7368 | D:4      | Reached XP level 9. HP: 29/45 MP: 15/23
  7389 | D:4      | Found a sand-covered staircase.
  7404 | Ossuary  | Entered an ossuary
  7537 | Ossuary  | Noticed runewalsh's ghost (average OpIE)
  7545 | Ossuary  | Killed runewalsh's ghost
  7545 | Ossuary  | Reached skill level 12 in Conjurations
  7551 | Ossuary  | Acquired Vehumet's first power
  7551 | Ossuary  | Offered knowledge of Shock by Vehumet.
  7606 | Ossuary  | Mangled by a mummy

Vault maps used:
D:1:      dpeg_arrival_signposts
D:2:      okawaru_gym_becter, first_bread, minmay_misc_feat_room,
          kennysheep_nub, uniq_crazy_yiuf_cottage
D:3:      minmay_goblin_kobold_castle, grunt_temple_overflow_forces_of_nature,
          overflow_temple_1_default, minivault_25, uniq_sigmund
D:4:      gammafunk_temple_overflow_statue, serial_shops, shop,
          nicolae_ossuary_entry_ruins, kennysheep_dice, uniq_eustachio,
          uniq_natasha, uniq_robin
D:5:      grunt_temple_overflow_order_and_chaos_1, evilmike_ruin_ashenzari,
          gammafunk_temple_overflow_wave, minmay_temple_entry_grid, basic_altar,
          st_stairs_14
D:6:      glass_columns_a, grunt_ministairs_13, minmay_stone_trees_large
Temple:   circular_temple_6
Ossuary:  ossuary_tomb_3

Action                   |  1- 3 |  4- 6 |  7- 9 || total
-------------------------+-------+-------+-------++-------
Melee: Unarmed           |    11 |       |     1 ||    12
 Cast: Magic Dart        |    73 |    46 |    96 ||   215
       Searing Ray       |     5 |    13 |    68 ||    86
  Use: Scroll            |       |       |    18 ||    18
  Eat: Chunk             |     5 |     4 |    11 ||    20
